 Dungeon Crawl Stone Soup version 0.21.1-1-g345015f (webtiles) character file.

95419 Dfrag the Devastator (level 16, -4/211 HPs)
             Began as a Naga Conjurer on Feb 10, 2018.
             Was the Champion of Makhleb.
             Slain by a dire elephant (15 damage)
             ... on level 15 of the Dungeon.
             The game lasted 00:48:42 (26495 turns).

Dfrag the Devastator (Naga Conjurer)               Turns: 26495, Time: 00:48:42

Health: -4/211     AC: 33    Str: 14    XL:     16   Next: 14%
Magic:  2/36       EV:  1    Int: 20    God:    Makhleb [******]
Gold:   297        SH:  0    Dex: 11    Spells: 32/47 levels left

rFire    . . .     SeeInvis +   B - +4 hand axe (flame)
rCold    . . .     Gourm    .   (no shield)
rNeg     + + +     Faith    .   (armour currently unavailable)
rPois    +         Spirit   .   (helmet currently unavailable)
rElec    .         Reflect  .   (cloak currently unavailable)
rCorr    .         Harm     .   (gloves currently unavailable)
MR       +++..     Clarity  +   (no barding) Stlth +++++.....NoTele +
                                (no amulet)
HPRegen  0.00/turn              C - +5 ring of protection
MPRegen  0.25/turn              u - ring of protection from magic

@: tree-form
A: large, see invisible, clarity, inhibited regeneration, slow metabolism 1,
spit poison 1, wild magic 1, AC +5
a: Spit Poison, Minor Destruction, Lesser Servant of Makhleb, Major Destruction,
Greater Servant of Makhleb, Renounce Religion


You were on level 15 of the Dungeon.
You worshipped Makhleb.
Makhleb was exalted by your worship.
You were not hungry.
You were a tree.
You visited 3 branches of the dungeon, and saw 23 of its levels.

You collected 2209 gold pieces.
You spent 1912 gold pieces at shops.

Inventory:

Hand Weapons
 B - a +4 hand axe of flaming (weapon)
 V - the +3 hand axe "Geoqisas" {chop, rC+++ Str-5 Dex+3 SInv}
   (You bought it in a shop on level 2 of the Orcish Mines)

   It inflicts extra damage upon your enemies.
   It affects your strength (-5).
   It affects your dexterity (+3).
   It renders you almost immune to cold.
   It lets you see invisible.
Armour
 g - a +1 naga barding of cold resistance (melded)
 r - a +2 robe of the Archmagi (melded)
 y - a +0 pair of gloves (melded)
 R - the +0 Maxwell's etheric cage {RegenMP+ *Contam rElec MP+4}
   (You bought it in a shop on level 5 of the Dungeon)

   It insulates you from electricity.
   It affects your magic capacity (+4).
   It causes magical contamination when unequipped.
 S - a +0 cloak (melded)
 W - the +1 troll leather armour of the Thirteen Yaks {MR+ Regen+ rCorr Str-5}
   (You bought it in a shop on level 2 of the Orcish Mines)

   It affects your strength (-5).
   It affects your resistance to hostile enchantments.
   It increases your rate of regeneration.
   It protects you from acid and corrosion.
Jewellery
 e - an uncursed amulet of harm
 t - an uncursed ring of resist corrosion
 u - a ring of protection from magic (right branch)
 C - a +5 ring of protection (left branch)
 K - an uncursed ring of protection from magic
 O - a +5 amulet of reflection
Wands
 q - a wand of random effects (24)
 D - a wand of digging (1)
 E - a wand of flame (64)
 H - a wand of acid (2)
 I - a wand of iceblast (10)
 J - a wand of clouds (3)
 N - a wand of enslavement (18)
 U - a wand of disintegration (12)
Scrolls
 j - 5 scrolls of teleportation
 k - 6 scrolls of enchant weapon
 n - 3 scrolls of blinking
 p - 9 scrolls of remove curse
 w - 2 scrolls of magic mapping
 x - 2 scrolls of summoning {unknown}
 z - 2 scrolls of fog
 F - 2 scrolls of brand weapon
 M - 3 scrolls of enchant armour
 P - 6 scrolls of fear {unknown}
Potions
 f - 2 potions of cancellation {unknown}
 h - 7 potions of curing
 i - 2 potions of agility
 l - 4 potions of might
 o - 4 potions of haste {unknown}
 s - 5 potions of brilliance
 v - 5 potions of flight {unknown}
 A - 3 potions of degeneration {unknown}
 L - 2 potions of ambrosia
 T - a potion of berserk rage
Books
 a - a book of Battle

   Spells                             Type                      Level
   a - Infusion                       Charms                       1
   b - Shroud of Golubria             Charms/Translocation         2
   c - Song of Slaying                Charms                       2
   d - Spectral Weapon                Hexes/Charms                 3
   e - Regeneration                   Charms/Necromancy            3
 b - a book of Conjurations

   Spells                             Type                      Level
   a - Magic Dart                     Conjuration                  1
   b - Searing Ray                    Conjuration                  2
   c - Dazzling Spray                 Conjuration/Hexes            3
   d - Fulminant Prism                Conjuration/Hexes            4
   e - Force Lance                    Conjuration/Translocation    4
   f - Iskenderun's Mystic Blast      Conjuration                  4
 d - a book of Necromancy

   Spells                             Type                      Level
   a - Pain                           Necromancy                   1
   b - Animate Skeleton               Necromancy                   1
   c - Vampiric Draining              Necromancy                   3
   d - Regeneration                   Charms/Necromancy            3
   e - Animate Dead                   Necromancy                   4
   f - Borgnjor's Vile Clutch         Necromancy/Earth             5
 G - a book of Debilitation

   Spells                             Type                      Level
   a - Corona                         Hexes                        1
   b - Slow                           Hexes                        2
   c - Inner Flame                    Hexes/Fire                   3
   d - Portal Projectile              Hexes/Translocation          3
   e - Cause Fear                     Hexes                        4
   f - Leda's Liquefaction            Hexes/Earth                  4
Comestibles
 c - 38 rations
 Q - 14 chunks of flesh


   Skills:
 + Level 8.4 Fighting
 - Level 1.5 Dodging
 + Level 12.9 Stealth
 - Level 16.2 Spellcasting
 - Level 17.7 Conjurations


You had 32 spell levels left.
You knew the following spells:

 Your Spells              Type           Power        Failure   Level  Hunger
a - Magic Dart            Conj           ####         1%          1    None
b - Searing Ray           Conj           ######       1%          2    None
c - Iskenderun's Mystic   Conj           #######.     1%          4    None
d - Fulminant Prism       Conj/Hex       ######....   1%          4    None
e - Force Lance           Conj/Tloc      ######..     1%          4    None


Dungeon Overview and Level Annotations

Branches:
Dungeon (15/15)            Temple (0/1) D:7            Lair (6/6) D:8
  Swamp (0/4) Lair:2       Spider (0/4) Lair:3        Slime (0/5) Lair:5
    Orc (2/2) D:11            Elf (0/3) Orc:2        Vaults (0/5) D:14
 Depths: D:15

Altars:
Cheibriados
Dithmenos
Elyvilon
Fedhas
Gozag
Makhleb
Nemelex Xobeh
Okawaru
Qazlal
Ru
Trog
Uskayaw
Xom
Zin
Jiyva

Shops:
D:5 [(   D:14 *   Orc:2 ([*=


Innate Abilities, Weirdness & Mutations

You cannot wear boots.
((Your serpentine skin is tough. (AC +5)))
You have supernaturally acute eyesight. (SInv)
((Armour fits poorly on your strangely shaped body.))
((Your system is resistant to poisons. (rPois)))
((You cover ground very slowly.))
You have a slow metabolism.
You can spit poison.
((You can use your snake-like lower body to constrict enemies.))
((You have a pair of horns on your head.))
((Your tail ends in a poisonous barb.))
((You are partially covered in thin metallic scales. (AC +2)))
You possess an exceptional clarity of mind.
You do not regenerate when monsters are visible.
Your spells are a little harder to cast, but a little more powerful.


Message History

Unknown command.
You feel much better. The dire elephant tramples you!
* * * LOW HITPOINT WARNING * * *
The dire elephant trunk-slaps you but does no damage.
Unknown command.
Evoke which item? (* to show all) (? for menu, Esc to quit)
Aiming: Cloud Cone
Press: ? - help, Dir - move target cursor, f/p - dire elephant
Aim: a dire elephant (heavily wounded, covered in acid)
You create a blast of noxious fumes!
The dire elephant is engulfed in noxious fumes.
The dire elephant tramples you!
* * * LOW HITPOINT WARNING * * *
The dire elephant trunk-slaps you but does no damage.
Unknown command.
You slash the dire elephant! You burn the dire elephant.
The dire elephant is severely wounded.
The dire elephant is engulfed in noxious fumes.
The dire elephant tramples you!
You die...

#.............
#.....########
####..######
#...........
#§§§........
##§#########
###########§#######
...........Y.......
...........♣.......
########...........
#.########## #.#
#############.#########
.......................
.......................
...............########
#############..#


You could see a dire elephant.

Vanquished Creatures
  Kirke (Lair:4)
  Gastronok (Lair:1)
  2 orc warlords (Orc:2)
  Azrael (D:13)
  Snorg (D:12)
  Josephine (D:10)
  Erolcha (Orc:1)
  4 vault guards (D:14)
  6 hydras
  2 catoblepae
  Erica (Lair:2)
  3 centaur warriors
  10 two-headed ogres
  11 death yaks
  A tengu warrior (D:15)
  4 orc high priests (Orc:2)
  Urug (D:12)
  An unseen horror (D:11)
  A wizard (D:14)
  5 orc knights
  Pikel (D:8)
  An orb spider (Lair:3)
  2 deep elf magi (D:12)
  5 orc sorcerers
  3 ugly things
  A wolf spider (D:13)
  A cyclops (Orc:1)
  A manticore (D:15)
  4 elephants
  3 black mambas
  2 centaur zombies
  16 spiny frogs
  Joseph (D:8)
  Maurice (Orc:1)
  3 gargoyles (D:14)
  8 komodo dragons
  3 kobold demonologists
  3 polar bears (Lair:6)
  3 trolls
  7 hornets
  3 meliai (D:13)
  Grinder (D:4)
  9 blink frogs
  3 dream sheep (Lair:6)
  9 hippogriffs
  A centaur simulacrum (D:14)
  3 wraiths (D:10)
  A shadow (D:15)
  5 wyverns
  13 spriggans (Lair:6)
  38 yaks
  A human (D:14)
  6 fire elementals (D:13)
  2 basilisks
  3 hungry ghosts
  3 vampire mosquitoes (D:13)
  3 hogs (Lair:4)
  3 soldier ants
  4 wargs
  8 water moccasins
  15 porcupines
  36 orc warriors
  A hell hound (D:13)
  3 sky beasts
  2 slaves (D:8)
  2 black bears
  5 phantoms
  13 ogres
  34 wolves
  4 boggarts (Lair:6)
  12 centaurs
  6 crocodiles
  13 big kobolds
  17 bullfrogs
  7 scorpions
  4 killer bees (D:8)
  7 wights
  3 howler monkeys
  4 crimson imps
  A quasit (D:9)
  5 jellies
  A bullfrog zombie (D:11)
  5 hounds
  23 orc priests
  2 gnoll shamans
  43 orc wizards
  2 bullfrog skeletons
  5 centaur skeletons
  2 iguanas
  Natasha (twice) (D:4)
  6 worker ants
  3 hound zombies
  A hound skeleton (D:5)
  3 worker ant zombies
  13 adders
  7 gnolls
  2 shadow imps
  2 oozes
  An adder skeleton (D:8)
  An adder zombie (D:5)
  2 worms
  A dart slug (D:1)
  4 leopard geckos
  105 orcs
  A ball python (D:2)
  11 bats
  5 giant cockroaches
  5 goblins
  7 hobgoblins
  9 jackals
  49 kobolds
  7 quokkas
  4 frilled lizards
  A quokka zombie (D:8)
  5 rats
  A fulminant prism (D:10)
  3 fungi
  3 plants
787 creatures vanquished.

Vanquished Creatures (others)
  A human (Lair:4)
  A jelly (D:13)
  An orc (D:8)
  8 fulminant prisms
  39 fungi
  9 plants
59 creatures vanquished.

Grand Total: 846 creatures vanquished

Notes
Turn   | Place    | Note
-------+----------+-------------------------------------------
     0 | D:1      | Dfrag the Naga Conjurer began the quest for the Orb.
     0 | D:1      | Reached XP level 1. HP: 15/15 MP: 3/3
    59 | D:1      | Reached XP level 2. HP: 12/22 MP: 5/5
   421 | D:1      | Reached XP level 3. HP: 28/28 MP: 3/6
   765 | D:2      | Found a stormy altar of Qazlal.
   766 | D:2      | Noticed a fire elemental
   768 | D:2      | Noticed an air elemental
   771 | D:2      | Noticed an earth elemental
   771 | D:2      | Noticed a water elemental
   866 | D:2      | Learned a level 2 spell: Searing Ray
   926 | D:2      | Reached XP level 4. HP: 30/36 MP: 0/8
   974 | D:2      | Found a glowing silver altar of Zin.
  1711 | D:3      | Reached skill level 5 in Conjurations
  1948 | D:3      | Reached XP level 5. HP: 37/42 MP: 10/10
  2057 | D:3      | Found a shadowy altar of Dithmenos.
  2255 | D:4      | Noticed an ogre
  2257 | D:4      | Noticed an ogre
  2269 | D:3      | Killed an ogre
  2346 | D:4      | Killed an ogre
  2346 | D:4      | Reached XP level 6. HP: 3/49 MP: 7/12
  2791 | D:4      | Reached skill level 6 in Conjurations
  2915 | D:4      | Noticed Natasha
  2920 | D:4      | Killed Natasha
  2958 | D:4      | Noticed Natasha
  2962 | D:4      | Killed Natasha
  2978 | D:4      | Reached skill level 5 in Spellcasting
  2978 | D:4      | Reached XP level 7. HP: 30/55 MP: 0/14
  3278 | D:4      | Found a sacrificial altar of Ru.
  3373 | D:4      | Noticed Grinder
  3381 | D:4      | Killed Grinder
  3381 | D:4      | Reached skill level 7 in Conjurations
  3524 | D:5      | Entered Level 5 of the Dungeon
  3530 | D:5      | Reached XP level 8. HP: 59/62 MP: 11/17
  3533 | D:5      | Found a glowing silver altar of Zin.
  3546 | D:5      | Found Duwn's Armour Emporium.
  3642 | D:5      | Learned a level 4 spell: Iskenderun's Mystic Blast
  3867 | D:5      | Reached skill level 8 in Conjurations
  4258 | D:5      | Found Sefruluh's Weapon Emporium.
  4414 | D:6      | Found an opulent altar of Gozag.
  4414 | D:6      | Found a burning altar of Makhleb.
  4415 | D:6      | Found a snail-covered altar of Cheibriados.
  4421 | D:6      | Became a worshipper of Makhleb the Destroyer
  4599 | D:6      | Found a white marble altar of Elyvilon.
  4667 | D:6      | Reached XP level 9. HP: 58/68 MP: 11/20
  4713 | D:6      | Reached skill level 9 in Conjurations
  4894 | D:6      | Found a hide-covered altar of Uskayaw.
  4902 | D:6      | Noticed a two-headed ogre
  4910 | D:6      | Learned a level 4 spell: Fulminant Prism
  4923 | D:6      | Killed a two-headed ogre
  5265 | D:6      | Noticed a two-headed ogre
  5270 | D:6      | Killed a two-headed ogre
  5270 | D:6      | Reached skill level 10 in Conjurations
  5404 | D:6      | Reached XP level 10. HP: 60/75 MP: 3/23
  5695 | D:6      | Reached * piety under Makhleb
  6201 | D:7      | Found a staircase to the Ecumenical Temple.
  6302 | D:7      | Identified a scroll of acquirement
  6806 | D:8      | Reached skill level 11 in Conjurations
  6820 | D:8      | Found a sparkling altar of Nemelex Xobeh.
  7108 | D:8      | Noticed Pikel
  7114 | D:8      | Killed Pikel
  7114 | D:8      | Reached skill level 10 in Spellcasting
  7161 | D:8      | Found a staircase to the Lair.
  7237 | D:8      | Noticed Joseph
  7583 | D:8      | Killed Joseph
  7823 | D:8      | Reached ** piety under Makhleb
  7916 | D:8      | Found an iron altar of Okawaru.
  7935 | D:8      | Reached skill level 12 in Conjurations
  7946 | D:8      | Found a bloodstained altar of Trog.
  8118 | D:8      | Paralysed by a hornet for 2 turns
  8125 | D:8      | Reached XP level 11. HP: 81/81 MP: 13/25
  8339 | D:8      | Noticed a two-headed ogre
  8363 | D:8      | Killed a two-headed ogre
  8724 | D:9      | Noticed a sun demon
  8897 | D:9      | Reached *** piety under Makhleb
  9052 | D:9      | Noticed a two-headed ogre
  9067 | D:9      | Killed a two-headed ogre
  9321 | D:9      | Found a shimmering altar of Xom.
  9772 | D:10     | Entered Level 10 of the Dungeon
  9817 | D:10     | Found a blossoming altar of Fedhas.
  9822 | D:10     | Reached skill level 13 in Conjurations
  9928 | D:10     | Noticed a two-headed ogre
 10171 | D:10     | Killed a two-headed ogre
 10434 | D:10     | Learned a level 4 spell: Force Lance
 10563 | D:10     | Noticed a two-headed ogre
 10570 | D:10     | Killed a two-headed ogre
 10570 | D:10     | Reached **** piety under Makhleb
 10800 | D:10     | Noticed Josephine
 10811 | D:10     | Killed Josephine
 10811 | D:10     | Reached XP level 12. HP: 62/88 MP: 11/28
 11801 | D:11     | Reached skill level 14 in Conjurations
 12022 | D:11     | Found a staircase to the Orcish Mines.
 12612 | D:5      | Bought the +0 Maxwell's etheric cage {RegenMP+ *Contam rElec MP+4} for 440 gold pieces
 12612 | D:5      | Found the +0 Maxwell's etheric cage {RegenMP+ *Contam rElec MP+4}
 12719 | Lair:1   | Entered Level 1 of the Lair of Beasts
 12949 | Lair:1   | Noticed Gastronok
 13404 | Lair:2   | Found a staircase to the Swamp.
 13443 | Lair:2   | Reached ***** piety under Makhleb
 13467 | Lair:2   | Noticed Erica
 13468 | Lair:2   | Noticed a seven-headed hydra
 13473 | Lair:2   | Killed a seven-headed hydra
 13474 | Lair:2   | Killed Erica
 14394 | Lair:3   | Gained mutation: You can use your snake-like lower body to constrict enemies. [Naga growth]
 14394 | Lair:3   | Reached XP level 13. HP: 94/94 MP: 24/30
 14426 | Lair:3   | Reached skill level 15 in Conjurations
 14449 | Lair:3   | Found a hole to the Spider Nest.
 14880 | Lair:3   | Got a distressingly furry hat
 14881 | Lair:3   | Identified the +1 hat "Myiliud" {+Blink MR+ rCorr} (You acquired it on level 3 of the Lair of Beasts)
 14899 | Lair:3   | You fall through a shaft for 3 floors!
 14899 | Lair:6   | Entered Level 6 of the Lair of Beasts
 15753 | Lair:5   | Found a viscous altar of Jiyva.
 15753 | Lair:5   | Found a staircase to the Slime Pits.
 16116 | Lair:4   | Noticed Kirke
 16225 | Lair:4   | Killed Kirke
 16225 | Lair:4   | Reached skill level 16 in Conjurations
 17484 | Lair:5   | HP: 4/94 [elephant (13)]
 17487 | Lair:5   | Reached XP level 14. HP: 31/102 MP: 3/32
 17834 | Lair:6   | Reached skill level 15 in Spellcasting
 18317 | Lair:6   | Reached ****** piety under Makhleb
 18448 | Lair:6   | Reached skill level 17 in Conjurations
 18659 | Lair:6   | Got an ancient robe
 18670 | Lair:6   | Identified the +1 robe "Ifeblesch" {rElec} (You found it on level 6 of the Lair of Beasts)
 19716 | Lair:1   | Killed Gastronok
 20493 | Orc:1    | Entered Level 1 of the Orcish Mines
 20493 | Orc:1    | Noticed Erolcha
 20497 | Orc:1    | Killed Erolcha
 20501 | Orc:1    | Noticed Maurice
 20666 | Orc:1    | Killed Maurice
 20668 | Orc:1    | Reached XP level 15. HP: 71/108 MP: 21/35
 21051 | Orc:2    | Entered Level 2 of the Orcish Mines
 21135 | Orc:2    | Reached skill level 1 in Fighting
 21192 | Orc:2    | Found a staircase to the Elven Halls.
 21818 | Orc:2    | Reached skill level 5 in Stealth
 22226 | Orc:2    | Noticed an orc warlord
 22237 | Orc:2    | Killed an orc warlord
 22324 | Orc:2    | Found Zunuim's Antique Armour Emporium.
 22325 | Orc:2    | Found Modghu's Antique Weapon Emporium.
 22326 | Orc:2    | Found Hausiz's General Store.
 22326 | Orc:2    | Found Luumun's Jewellery Shoppe.
 22342 | Orc:2    | Bought a scorched hand axe for 176 gold pieces
 22343 | Orc:2    | Bought a ruby-encrusted troll leather armour for 700 gold pieces
 22425 | Orc:2    | Noticed an orc warlord
 22459 | Orc:2    | Killed an orc warlord
 22914 | Orc:1    | Reached skill level 5 in Fighting
 23095 | Orc:2    | Bought a steaming ring mail for 315 gold pieces
 23622 | D:12     | Noticed Snorg
 23630 | D:12     | Killed Snorg
 23637 | D:12     | Noticed Urug
 23641 | D:12     | Killed Urug
 23652 | D:12     | Identified the +3 hand axe "Geoqisas" {chop, rC+++ Str-5 Dex+3 SInv} (You bought it in a shop on level 2 of the Orcish Mines)
 23922 | D:13     | Found a shadowy altar of Dithmenos.
 23992 | D:13     | Identified the +1 troll leather armour of the Thirteen Yaks {MR+ Regen+ rCorr Str-5} (You bought it in a shop on level 2 of the Orcish Mines)
 24049 | D:13     | Identified the cursed +0 ring mail of Ixzilos {rPois rC+ Dex+2} (You bought it in a shop on level 2 of the Orcish Mines)
 24101 | D:13     | Reached skill level 10 in Stealth
 24458 | D:13     | Noticed Azrael
 24467 | D:13     | Killed Azrael
 25022 | D:14     | Found a shadowy altar of Dithmenos.
 25262 | D:14     | Found Kecliqud's Assorted Antiques.
 25265 | D:14     | Bought a scroll of identify for 76 gold pieces
 25265 | D:14     | Bought a helmet for 171 gold pieces
 25265 | D:14     | Bought a fuming green potion for 34 gold pieces
 25278 | D:14     | Gained mutation: You are resistant to hostile enchantments. (MR+) [potion of mutation]
 25278 | D:14     | Gained mutation: You are partially covered in thin metallic scales. (AC +2) [potion of mutation]
 25278 | D:14     | Gained mutation: Your muscles are strong. (Str +2) [potion of mutation]
 25278 | D:14     | Gained mutation: You have a pair of small horns on your head. [potion of mutation]
 25279 | D:14     | Lost mutation: Your muscles are strong. (Str +2) [potion of mutation]
 25279 | D:14     | Lost mutation: You are resistant to hostile enchantments. (MR+) [potion of mutation]
 25279 | D:14     | Gained mutation: You possess an exceptional clarity of mind. [potion of mutation]
 25279 | D:14     | Gained mutation: Your spells are a little harder to cast, but a little more powerful. [potion of mutation]
 25279 | D:14     | Gained mutation: You have a pair of horns on your head. [potion of mutation]
 25279 | D:14     | Gained mutation: Your tail ends in a poisonous barb. [potion of mutation]
 25281 | D:14     | Gained mutation: You do not regenerate when monsters are visible. [mutagenic glow]
 25959 | D:14     | Found a gate to the Vaults.
 26114 | D:15     | Entered Level 15 of the Dungeon
 26126 | D:15     | Reached XP level 16. HP: 139/139 MP: 18/36
 26495 | D:15     | Slain by a dire elephant

Skill      XL: |  1  2  3  4  5  6  7  8  9 10 11 12 13 14 15 16 |
---------------+-------------------------------------------------+-----
Spellcasting   | 3 4 5 6 7 9 10 12 13 14 16 | 16.2
Conjurations   | 5 6 7 8 10 12 13 14 16 17 | 17.7
Fighting       | 7 8 |  8.4
Stealth        | 12 | 12.9
Dodging        | |  1.5

Action                   |  1- 3 |  4- 6 |  7- 9 | 10-12 | 13-15 | 16-18 || total
-------------------------+-------+-------+-------+-------+-------+-------++-------
Melee: Unarmed           |    10 |       |       |       |       |       ||    10
       Dagger            |    22 |    26 |    25 |       |       |       ||    73
       Hand axe          |       |       |       |   125 |   203 |    29 ||   357
       Constrict         |       |       |       |       |    47 |     7 ||    54
       Headbutt          |       |       |       |       |     4 |    10 ||    14
       Tailslap          |       |       |       |       |     4 |     7 ||    11
 Cast: Magic Dart        |    52 |    65 |    41 |   144 |    92 |       ||   394
       Searing Ray       |       |    11 |    34 |   172 |    89 |       ||   306
       Iskenderun's Myst |       |       |     7 |    47 |   493 |    22 ||   569
       Fulminant Prism   |       |       |     2 |     4 |     3 |       ||     9
       Force Lance       |       |       |       |     2 |     3 |       ||     5
 Abil: Spit Poison       |     3 |     9 |     7 |    10 |     2 |       ||    31
Evoke: Wand              |       |       |       |    10 |    11 |     6 ||    27
  Use: Scroll            |       |       |       |    19 |    20 |       ||    39
       Potion            |       |       |       |     5 |     6 |     2 ||    13
 Stab: Sleeping          |     1 |       |       |       |     2 |     1 ||     4
       Held in net/web   |       |       |       |     1 |       |       ||     1
       Distracted        |       |       |       |       |     1 |       ||     1
  Eat: Chunk             |       |     6 |     8 |    23 |    28 |     1 ||    66
       Ration            |       |       |       |       |     1 |       ||     1
Armor: Robe              |    11 |    11 |    27 |   297 |   495 |    46 ||   887
       Skin              |       |       |       |    36 |     4 |     4 ||    44
       Troll leather arm |       |       |       |       |     2 |       ||     2
Dodge: Dodged            |    30 |    31 |    48 |   228 |   307 |    24 ||   668
